 Dungeon Crawl Stone Soup version 0.29-a0-909-g30c7767f5c (webtiles) character file.

Game seed: 1568532403879739732

4424 Majang the Basher (level 10, -16/77 HPs)
             Began as a Demonspawn Fighter on July 25, 2022.
             Was an Initiate of Makhleb.
             Demolished by an orc warlord
             ... wielding a +9 battleaxe
              (37 damage)
             ... in a bailey.
             The game lasted 00:25:18 (6743 turns).

Majang the Basher (Demonspawn Fighter)              Turns: 6743, Time: 00:25:19

Health: -16/77     AC: 18    Str: 20    XL:     10   Next: 14%
Magic:  11/11      EV: 14    Int: 12    God:    Makhleb [......]
Gold:   204        SH:  4    Dex: 14    Spells: 9/9 levels left

rFire   . . .      SeeInvis .   s - +7 lajatang of Order {silver, rMut}
rCold   x . .      Faith    .   (shield currently unavailable)
rNeg    + . .      Spirit   .   j - +5 scale mail of Fun and Games {+Blink rC- rN+ Int+3}
rPois   .          Reflect  .   (helmet restricted)
rElec   .          Harm     .   h - +0 cloak
rCorr   .          Rampage  .   v - +0 pair of gloves
rMut    +                       (no boots)
Will    .....                   (no amulet)
Stlth   ..........              (no ring)
HPRegen 0.22/turn               (no ring)
MPRegen 0.12/turn

@: mighty, invisible
A: horns 1, repulsion field 2, demonic guardian 1, icemail 1, condensation
shield
a: Renounce Religion, Evoke Blink


You were in a bailey.
You worshipped Makhleb.
Makhleb was noncommittal.
You visited 2 branches of the dungeon, and saw 8 of its levels.
You also visited: Bailey.

You collected 382 gold pieces.
You spent 178 gold pieces at shops.

Inventory:

Hand Weapons
 a - a +0 flail
 i - a +4 dire flail
 s - the +7 lajatang of Order (weapon) {silver, rMut}
   (You found it on level 6 of the Dungeon)

   It inflicts extra damage upon those it strikes, and deals substantially
   increased damage to chaotic, mutated and magically transformed beings.
   rMut:      It protects you from mutation.
 u - a +0 morningstar
Missiles
 k - 2 javelins
 t - 20 boomerangs (quivered)
Armour
 b - a +0 scale mail
 c - a +0 buckler
 h - a +0 cloak (worn)
 j - the +5 scale mail of Fun and Games (worn) {+Blink rC- rN+ Int+3}
   (You found it on level 2 of the Dungeon)

   Int:       It affects your intelligence (+3).
   rC:        It makes you vulnerable to cold.
   rN:        It protects you from negative energy.
   +Blink:    It lets you blink.
 v - a +0 pair of gloves (worn)
Wands
 g - a wand of flame (3)
 q - a wand of charming (6)
Scrolls
 e - 3 scrolls of butterflies
 r - 4 scrolls of fear
 x - a scroll of amnesia
 y - a scroll of blinking {unknown}
 z - 3 scrolls of teleportation
Potions
 f - 6 potions of curing
 l - 2 potions of lignification
 m - a potion of invisibility
 n - 4 potions of magic
 p - 2 potions of flight
 w - a potion of haste


   Skills:
 + Level 6.8 Fighting
 * Level 8.3(8.6) Maces & Flails
 * Level 3.3(6.2) Staves
 + Level 4.0 Throwing
 + Level 5.0 Armour
 + Level 4.1 Dodging
 + Level 5.0 Shields
 + Level 1.3 Invocations


You had 9 spell levels left.
You didn't know any spells.
Your spell library contained the following spells:

 Spells                   Type           Power      Damage    Failure   Level
 Sublimation of Blood     Necr           0%         N/A       80%         2
 Wereblood                Tmut           0%         N/A       80%         2
 Gell's Gravitas          Tloc           0%         N/A       95%         3
 Teleport Other           Tloc           0%         N/A       95%         3
 Dispersal                Tloc           0%         N/A       100%        6
 Summon Hydra             Summ           0%         N/A       100%        7


Dungeon Overview and Level Annotations

Branches:
Dungeon (7/15)             Temple (1/1) D:7          Bailey (1/1)

Altars:
Ashenzari
Cheibriados
Dithmenos
Fedhas
Gozag
Hepliaklqana
Kikubaaqudgha
Makhleb
Nemelex Xobeh
Okawaru
Qazlal
Ru
Sif Muna
Trog
Uskayaw
Vehumet
Wu Jian
Xom
Yredelemnul

Shops:
D:1 !   D:7 !=

Annotations:
Temple 2 transporters


Innate Abilities, Weirdness & Mutations

You have a pair of small horns on your head.
You are surrounded by a moderate repulsion field. (EV +3)
A weak demonic guardian rushes to your aid.
A meltable icy envelope protects you from harm. (AC +4)
A meltable shield of frost defends you. (SH +4)


Message History

As you read the scroll of poison, it crumbles to dust.
You fade into invisibility!
The orc warlord is engulfed in poison gas.
The orc warlord is poisoned.
Unknown command.
The orc warlord is engulfed in poison gas.
The orc warlord looks even sicker.
You feel very mighty all of a sudden.
The orc warlord is engulfed in poison gas.
The orc warlord looks even sicker.
You catch the helpless orc warlord completely off-guard!
You slash the orc warlord! You headbutt the orc warlord.
The orc warlord is moderately wounded.
The orc warlord is engulfed in poison gas.
The orc warlord looks as sick as possible!
You block the orc warlord's attack.
You slash the orc warlord!
The orc warlord is moderately wounded.
The orc warlord is engulfed in poison gas.
The orc warlord looks as sick as possible!
The orc warlord hits you with a +9 battleaxe!!!
Ouch! That really hurt!
A demonic guardian appears!
The gnoll is engulfed in poison gas.
The gnoll is poisoned.
The orc warlord is engulfed in poison gas.
The orc warlord looks as sick as possible!
The orc warlord completely misses you.
You strike the helpless orc warlord from behind!
You slice the orc warlord!! You headbutt the orc warlord.
The orc warlord is severely wounded.
The gnoll looks even sicker.
The orc warlord is engulfed in poison gas.
The orc warlord looks as sick as possible!
The orc warlord hits you with a +9 battleaxe!
* * * LOW HITPOINT WARNING * * *
You hit the orc warlord. You headbutt the orc warlord.
The orc warlord is severely wounded.
The orc warlord looks as sick as possible!
The orc warlord hits you with a +9 battleaxe!!!
You die...

#..........).....'....8
#☼§°8§§°○..#########...
##☼○☼☼§○####≈§≈#≈≈≈##))
##§§°§§#≈§#§§....|≈#..
##°☼°☼#§○§.☼....!≈#..
#°○☼##○8°8§..8.8##..
#○☼§○§g○§§°....g#...
#☼§5○§☼☼.§§∩....#...
#°°@o°○§°§°.....#...
#§☼°##§8§8☼..8.8##.÷
##○§○§#≈.§§°....!≈#..
##○§§§§#≈≈#≈○....}≈#..
##§§§§§☼#### ≈≈#≈≈≈##..
#°§§8°°§○..#########.).
#§☼°§°§§☼..'.....)....8
#§○§☼°☼☼○§.#≈≈≈≈≈#.....
##..8..8...#≈≈≈≈≈#.)...


You could see an orc warlord (unable to see you, extremely poisoned, ally
target), a gnoll (unable to see you, very poisoned) and a friendly iron imp
(summoned).

Vanquished Creatures
  An orc knight (Bailey)
  12 yaks
  A wyvern (D:7)
  A water moccasin (D:7)
  A black bear (D:5)
  4 ogres
  2 orc warriors (Bailey)
  2 centaurs
  2 bullfrogs
  2 necrophages (D:5)
  8 wights (D:6)
  3 jellies
  A hound (D:6)
  Natasha (thrice) (D:3)
  Terence (D:3)
  4 iguanas
  4 orc wizards
  2 gnolls (Bailey)
  3 adders
  2 ufetubi
  4 worms
  2 dart slugs
  13 orcs
  11 ball pythons
  5 bats
  5 endoplasms
  7 giant cockroaches
  9 goblins
  2 hobgoblins (Bailey)
  5 quokkas
  5 frilled lizards
  12 kobolds
  3 rats
142 creatures vanquished.

Vanquished Creatures (collateral kills)
  An iguana (D:5)
  An ufetubus (D:6)
  An orc (D:5)
  A bat (D:3)
4 creatures vanquished.

Vanquished Creatures (others)
  A plant (D:1)
1 creature vanquished.

Grand Total: 147 creatures vanquished

Notes
Turn   | Place    | Note
-------+----------+-------------------------------------------
     0 | D:1      | Majang the Demonspawn Fighter began the quest for the Orb.
     0 | D:1      | Reached XP level 1. HP: 18/18 MP: 1/1
    80 | D:1      | Reached skill level 2 in Maces & Flails
    81 | D:1      | Found Meur's Distillery.
   152 | D:1      | Gained mutation: A meltable shield of frost defends you.
                  | (SH +4) [demonic ancestry]
   152 | D:1      | Reached XP level 2. HP: 23/24 MP: 2/2
   207 | D:1      | Found a faded altar of an unknown god.
   877 | D:2      | Gained mutation: A weak demonic guardian rushes to your
                  | aid. [demonic ancestry]
   877 | D:2      | Reached XP level 3. HP: 29/29 MP: 3/3
  1081 | D:2      | Identified the +5 scale mail of Fun and Games {+Blink rC-
                  | rN+ Int+3}
  1143 | D:2      | Reached skill level 3 in Maces & Flails
  1447 | D:3      | Noticed Natasha
  1447 | D:3      | Noticed Terence
  1451 | D:3      | Killed Terence
  1452 | D:3      | Gained mutation: You are surrounded by a mild repulsion
                  | field. (EV +2) [demonic ancestry]
  1452 | D:3      | Reached XP level 4. HP: 34/37 MP: 4/4
  1453 | D:3      | Killed Natasha
  1483 | D:3      | Noticed Natasha
  1490 | D:3      | Killed Natasha
  1610 | D:3      | Reached skill level 4 in Maces & Flails
  1610 | D:3      | Gained mutation: You are surrounded by a moderate repulsion
                  | field. (EV +3) [demonic ancestry]
  1610 | D:3      | Reached XP level 5. HP: 36/42 MP: 5/5
  1758 | D:3      | Noticed Natasha
  1770 | D:3      | Killed Natasha
  1949 | D:1      | Bought a potion of might for 52 gold pieces
  1949 | D:1      | Bought a potion of curing for 39 gold pieces
  1949 | D:1      | Bought a potion of flight for 39 gold pieces
  2954 | D:5      | Entered Level 5 of the Dungeon
  3030 | D:4      | Gained mutation: A meltable icy envelope protects you from
                  | harm. (AC +4) [demonic ancestry]
  3030 | D:4      | Reached XP level 6. HP: 19/49 MP: 6/6
  3294 | D:5      | Reached skill level 5 in Maces & Flails
  3512 | D:5      | Reached skill level 5 in Fighting
  3707 | D:5      | Found a hide-covered altar of Uskayaw.
  3709 | D:5      | Found a shadowy altar of Dithmenos.
  3710 | D:5      | Found a shimmering blue altar of Sif Muna.
  3778 | D:5      | Reached XP level 7. HP: 38/56 MP: 7/7
  3794 | D:5      | Reached skill level 1 in Throwing
  3794 | D:5      | Reached skill level 1 in Dodging
  3796 | D:5      | Reached skill level 6 in Maces & Flails
  4577 | D:6      | Reached XP level 8. HP: 57/63 MP: 8/8
  5024 | D:6      | Reached skill level 7 in Maces & Flails
  5039 | D:6      | Reached XP level 9. HP: 56/69 MP: 9/9
  5253 | D:6      | Found the +7 lajatang of Order {silver, rMut}
  5472 | D:6      | Reached skill level 1 in Staves
  5676 | D:7      | Found Ickoh's Distillery.
  5688 | D:7      | Bought a potion of might for 48 gold pieces
  5726 | D:7      | Reached skill level 8 in Maces & Flails
  5880 | D:7      | Found a staircase to the Ecumenical Temple.
  5886 | Temple   | Entered the Ecumenical Temple
  5886 | Temple   | Found a transporter.
  5886 | Temple   | Found a transporter.
  5888 | Temple   | Found a transporter.
  5888 | Temple   | Found a transporter.
  5911 | Temple   | Became a worshipper of Makhleb the Destroyer
  6120 | D:7      | Found Heluch's Jewellery Shoppe.
  6189 | D:7      | Found a flagged portal.
  6199 | Bailey   | Entered a bailey
  6204 | Bailey   | Noticed an orc warlord
  6234 | Bailey   | Noticed an orc knight
  6256 | Bailey   | Killed an orc knight
  6257 | Bailey   | Reached skill level 5 in Shields
  6257 | Bailey   | Reached skill level 1 in Invocations
  6257 | Bailey   | Gained mutation: You have a pair of small horns on your
                  | head. [demonic ancestry]
  6257 | Bailey   | Reached XP level 10. HP: 18/77 MP: 10/10
  6263 | Bailey   | HP: 3/77 [orc warrior/+0 war axe (9)]
  6265 | Bailey   | Reached skill level 5 in Armour
  6696 | Bailey   | Found a runed translucent gate.
  6697 | Bailey   | Found a runed translucent gate.
  6698 | Bailey   | Found a runed translucent gate.
  6743 | Bailey   | Demolished by an orc warlord

Illustrated notes

Levels and vault maps discovered:
D:1:      beargit_arrival_greenhouse, layout_rooms,
          ebering_ecumenical_altar_abandoned, serial_shops, shop, serial_forest,
          infiniplex_forest_zigzag_2, infiniplex_forest_clump_small,
          infiniplex_forest_diagonal, infiniplex_forest_pool,
          infiniplex_forest_lined_1, infiniplex_forest_clump_small,
          infiniplex_forest_fountain
D:2:      layout_basic
D:3:      layout_basic, uniq_natasha, uniq_terence
D:4:      layout_loops_corners, st_stairs_4
D:5:      layout_cave_pods, grunt_temple_overflow_open
D:6:      layout_basic, kennysheep_generic_room_15
D:7:      minmay_s_stair_smasher, layout_loops_ring, minmay_temple_entry_trees,
          serial_shops, shop, kennysheep_mini, nicolae_shop_waterfront,
          enter_bailey_5, nicolae_ossuary_entry_false_entrances, uniq_joseph
Temple:   hellmonk_temple_divided_pantheon
Bailey:   bailey_axe_bossmonster_kennysheep, bailey

Skill      XL: |  1  2  3  4  5  6  7  8  9 10 |
---------------+-------------------------------+-----
Maces & Flails | 2 3 4 5 6 7 8 |  8.3
Fighting       | 4 5 6 |  6.8
Shields        | 3 4 5 |  5.0
Throwing       | 1 2 3 4 |  4.0
Armour         | 3 4 5 |  5.0
Dodging        | 1 3 4 |  4.1
Staves         | 3 |  3.3
Invocations    | 1 |  1.3

Action                   |  1- 3 |  4- 6 |  7- 9 | 10-12 || total
-------------------------+-------+-------+-------+-------++-------
Melee: Flail             |   139 |   101 |       |       ||   240
       Morningstar       |       |    75 |    53 |       ||   128
       Dire flail        |       |       |    49 |       ||    49
       Lajatang          |       |       |    83 |    24 ||   107
       Headbutt          |       |       |       |     5 ||     5
Throw: Boomerang         |       |     4 |    10 |    14 ||    28
Evoke: Wand              |       |       |     1 |       ||     1
  Use: Potion            |     1 |     1 |     2 |     2 ||     6
       Scroll            |       |       |    14 |     1 ||    15
 Stab: Distracted        |       |     1 |       |       ||     1
       Invisible         |       |       |       |     2 ||     2
Armor: Scale mail        |    72 |    90 |    61 |     5 ||   228
Dodge: Dodged            |    59 |   108 |   105 |    14 ||   286
Block: Buckler           |    57 |    67 |    21 |       ||   145
       Other             |       |       |    29 |     1 ||    30

Table legend: (Time is in decaauts)
 A = Elapsed time spent in this place.
 B = Non-inter-level travel time spent in this place.
 C = Inter-level travel time spent in this place.
 D = Time resting spent in this place.
 E = Time spent auto-exploring this place.
 F = Levels seen in this place.
 G = Mean time per level.
                   A        B        C        D        E       F      G
               +--------+--------+--------+--------+--------+-----+--------+
         Total |   6879 |   6559 |    320 |   1331 |   3544 |   9 |  764.3 |
       Dungeon |   6164 |   5848 |    316 |    872 |   3544 |   7 |  880.6 |
        Temple |    158 |    154 |      4 |    120 |      0 |   1 |  158.0 |
        Bailey |    556 |    556 |      0 |    339 |      0 |   1 |  556.0 |
               +--------+--------+--------+--------+--------+-----+--------+

Top non-repeatable levels by time:
     D:6: 1254 daAuts
     D:5: 1214 daAuts
     D:4: 1204 daAuts
     D:1: 749 daAuts
     D:3: 733 daAuts
     D:2: 609 daAuts
  Bailey: 556 daAuts
     D:7: 399 daAuts
  Temple: 158 daAuts
